 Dungeon Crawl Stone Soup version 0.21.1 (webtiles) character file.

23142 Gargoyl the Cleaver (level 12, -7/103 HPs)
             Began as a Centaur Abyssal Knight on Feb 3, 2018.
             Was the Champion of Lugonu.
             Mangled by a stone giant (32 damage)
             ... in a volcano.
             The game lasted 00:36:37 (14765 turns).

Gargoyl the Cleaver (Centaur Abyssal Knight)       Turns: 14765, Time: 00:36:37

Health: -7/103     AC: 25    Str: 23    XL:     12   Next: 69%
Magic:  18/18      EV:  5    Int: 11    God:    Lugonu [******]
Gold:   1009       SH:  4    Dex: 12    Spells: 11/11 levels left

rFire    + . .     SeeInvis +   F - +6 morningstar "Tenwasipt" {crush, rElec rC+}
rCold    + . .     Gourm    .   t - +0 buckler
rNeg     . . .     Faith    .   L - +1 chain mail {rF+}
rPois    .         Spirit   .   b - +0 helmet
rElec    +         Reflect  .   e - +0 cloak
rCorr    .         Harm     .   u - +1 pair of gloves
MR       +....                  o - +4 centaur barding {Stlth+}
Stlth    ..........             v - amulet of Ceczudeh {Regen+ Str+6}
HPRegen  0.67/turn              h - ring of protection from magic
MPRegen  0.16/turn              C - ring of see invisible

@: very quick
A: large, hooves 3, blink, deformed body, speed 2, tough skin 3, evolution 1
a: Blink, Depart the Abyss, Bend Space, Banish, Corrupt, Enter the Abyss, Brand
Weapon With Distortion, Renounce Religion


You were in a volcano.
You worshipped Lugonu.
Lugonu was exalted by your worship.
You were not hungry.

You visited 2 branches of the dungeon, and saw 13 of its levels.
You visited the Abyss 1 time.
You also visited: Ossuary, Bailey and Volcano.

You collected 1199 gold pieces.
You spent 190 gold pieces at shops.

Inventory:

Hand Weapons
 a - a +2 hand axe
 f - a +3 hand axe of freezing
 E - a +2 war axe
 F - the +6 morningstar "Tenwasipt" (weapon) {crush, rElec rC+}
   (You found it on level 9 of the Dungeon)

   It inflicts extra damage upon your enemies.
   It protects you from cold.
   It insulates you from electricity.
 I - a +0 broad axe
Missiles
 H - 13 tomahawks (quivered)
Armour
 b - a +0 helmet (worn)
 e - a +0 cloak (worn)
 o - a +4 centaur barding of stealth (worn)
 t - a +0 buckler (worn)
 u - a +1 pair of gloves (worn)
 L - a +1 chain mail of fire resistance (worn)
 N - the +8 chain mail "Lihaq" {Str+7 Int-4 Dex+4}
   (You found it on level 10 of the Dungeon)

   It affects your strength (+7).
   It affects your intelligence (-4).
   It affects your dexterity (+4).
Jewellery
 h - a ring of protection from magic (left hand)
 v - the amulet of Ceczudeh (around neck) {Regen+ Str+6}
   (You found it on level 6 of the Dungeon)

   [amulet of regeneration]

   It affects your strength (+6).
   It increases your rate of regeneration.
 C - a ring of see invisible (right hand)
 G - a +2 amulet of reflection
 J - an uncursed ring of stealth
Wands
 n - a wand of flame (16)
 r - a wand of acid (2)
 y - a wand of disintegration (11)
 K - a wand of iceblast (11)
 M - a wand of random effects (15)
Scrolls
 g - 3 scrolls of remove curse
 k - 6 scrolls of teleportation
 p - 3 scrolls of amnesia
 A - a scroll of blinking
 B - a scroll of fog
 D - 3 scrolls of identify
Potions
 d - 3 potions of heal wounds
 i - 2 potions of flight
 j - a potion of mutation
 l - 2 potions of cancellation
 m - 4 potions of curing
 q - 2 potions of haste {unknown}
 s - a potion of invisibility
 w - a potion of might
 z - 4 potions of resistance
 P - a potion of brilliance
 R - 2 potions of berserk rage {unknown}
 T - a potion of magic {unknown}
Comestibles
 c - 19 rations


   Skills:
 + Level 8.4 Fighting
 + Level 9.2(10.7) Axes
 + Level 9.1(10.7) Maces & Flails
 + Level 1.1 Throwing
 * Level 8.2 Armour
 + Level 3.6 Dodging
 - Level 0.5 Stealth
 + Level 2.9 Shields
 * Level 8.8 Invocations
 + Level 1.1 Evocations


You had 11 spell levels left.
You didn't know any spells.

Dungeon Overview and Level Annotations

Branches:
Dungeon (10/15)            Temple (0/1) D:5            Lair (3/6) D:10
 Shoals (0/4) Lair:2        Snake (0/4) Lair:3
    Orc: D:9-12

Altars:
Elyvilon
Okawaru
Qazlal
Sif Muna
Wu Jian

Shops:
D:8 =?(!*   D:10 [

Annotations:
Lair:2 Harold


Innate Abilities, Weirdness & Mutations

You have hooves in place of feet.
Armour fits poorly on your strangely shaped body.
You cover ground very quickly.
You have extremely tough skin. (AC +3)
You can translocate small distances at will.
You evolve.


Message History

The stone giant is moderately wounded.
In the distance, the volcano erupts with a roar.
The stone giant hits you but does no damage.
You puncture the stone giant! You kick the stone giant.
The stone giant is heavily wounded.
The stone giant hits you but does no damage.
Unknown command.
You hit the stone giant. Your kick misses the stone giant.
The stone giant is heavily wounded.
You block the earth elemental's attack. The stone giant hits you.
Unknown command.
You hit the stone giant. You kick the stone giant.
The stone giant is severely wounded.
The earth elemental hits you! The stone giant hits you!!
* * * LOW HITPOINT WARNING * * *
Unknown command.
You hit the stone giant but do no damage.
The stone giant is severely wounded.
The stone giant hits you!!
You die...

##≈≈##.###..###..##...#
### ##.#.............#
###.....≈.≈.≈....##
##.....§§§§§≈≈≈§...##
#.....≈≈≈§≈≈≈≈§≈§...#
##.....§≈≈§≈≈§§§§§...
#...(.≈≈≈§§§§§§§≈§...
###.E...≈≈§§≈≈§§§§...
#...@C..§§§≈.§§§.....
#..###.....§.§......###
..# #####§############
# ## #§ ## # #


You could see a stone giant and an earth elemental.

Vanquished Creatures
  2 hydras
  3 two-headed ogres
  An orange crystal statue (D:9)
  An unseen horror (D:10)
  An oklob plant (Lair:1)
  A wolf spider (Lair:3)
  A manticore (Lair:2)
  A black mamba (Lair:3)
  3 gargoyles (Volcano)
  4 spiny frogs
  5 komodo dragons
  2 polar bears (Lair:3)
  6 hippogriffs
  5 blink frogs (Lair:1)
  A spriggan (D:9)
  A wraith (D:10)
  A wyvern (D:9)
  A basilisk (Lair:3)
  20 yaks
  4 nagas (Lair:3)
  6 water moccasins
  5 porcupines
  A phantom (D:6)
  A necrophage (D:7)
  7 orc warriors
  2 ice beasts
  3 ogres
  3 black bears
  2 sky beasts
  4 centaurs
  8 crocodiles
  3 big kobolds
  6 bullfrogs
  A gnoll sergeant (D:4)
  An earth elemental (Volcano)
  10 killer bees
  3 scorpions
  3 wights (D:7)
  2 crimson imps
  A bullfrog zombie (D:10)
  8 hounds
  A quasit (D:8)
  A jelly (D:9)
  7 orc priests
  2 centaur skeletons
  2 bullfrog skeletons
  3 iguanas
  6 worker ants
  13 orc wizards
  2 hound zombies
  A hound skeleton (D:5)
  8 mummies (Ossuary)
  12 gnolls
  21 adders
  A shadow imp (D:7)
  2 adder skeletons
  2 adder zombies
  2 worms (D:4)
  2 dart slugs (D:1)
  6 leopard geckos
  55 orcs
  4 bats
  7 giant cockroaches
  11 goblins
  9 hobgoblins
  11 jackals
  4 quokkas
  A ball python (D:2)
  3 frilled lizards
  A gnoll zombie (Ossuary)
  22 kobolds
  5 kobold zombies (Ossuary)
  A leopard gecko skeleton (D:4)
  2 orc zombies (Ossuary)
  9 rats
  A fungus (Lair:1)
  4 plants
388 creatures vanquished.

Vanquished Creatures (others)
  2 oklob plants (Lair:1)
  An efreet (Volcano)
  2 orc warriors
  A killer bee (D:6)
  3 fungi (Lair:3)
  19 plants (Lair:3)
28 creatures vanquished.

Grand Total: 416 creatures vanquished

Notes
Turn   | Place    | Note
-------+----------+-------------------------------------------
     0 | Abyss:1  | Gargoyl the Centaur Abyssal Knight began the quest for the Orb.
     0 | Abyss:1  | Reached XP level 1. HP: 19/19 MP: 2/2
    65 | Abyss:2  | Noticed a small abomination
    92 | D:1      | Escaped the Abyss
    98 | D:1      | Gained mutation: You evolve. [potion of mutation]
    98 | D:1      | Gained mutation: You rapidly evolve. [potion of mutation]
   331 | D:1      | Reached * piety under Lugonu
   445 | D:1      | Reached XP level 2. HP: 26/26 MP: 3/3
  1004 | D:1      | Reached XP level 3. HP: 29/31 MP: 4/4
  1508 | D:1      | Reached XP level 4. HP: 30/40 MP: 5/5
  1538 | D:1      | Reached skill level 1 in Dodging
  2001 | D:2      | Reached ** piety under Lugonu
  2456 | D:3      | Reached XP level 5. HP: 46/46 MP: 6/6
  3482 | D:4      | Gained mutation: You are weak. (Str -2) [evolution]
  3856 | D:4      | Reached XP level 6. HP: 25/52 MP: 7/7
  4540 | D:4      | Reached *** piety under Lugonu
  4768 | D:5      | Entered Level 5 of the Dungeon
  5049 | D:4      | Gained mutation: You are partially covered in molten scales. (AC +2) [evolution]
  5216 | D:4      | Reached XP level 7. HP: 42/60 MP: 8/8
  5616 | D:5      | Found a white marble altar of Elyvilon.
  5785 | D:5      | Found a staircase to the Ecumenical Temple.
  5845 | D:5      | Identified a scroll of acquirement
  5886 | D:5      | Reached skill level 5 in Axes
  6039 | D:5      | Gained mutation: You can translocate small distances at will. [evolution]
  6150 | D:5      | Found a white marble altar of Elyvilon.
  6341 | D:5      | Reached XP level 8. HP: 61/67 MP: 9/9
  6367 | D:5      | Found a stormy altar of Qazlal.
  6535 | D:6      | Got a slimy sapphire amulet
  6537 | D:6      | Identified the amulet of Ceczudeh {Regen+ Str+6} (You found it on level 6 of the Dungeon)
  6764 | D:6      | Reached skill level 5 in Fighting
  6971 | D:6      | Got a bronze ring mail
  6982 | D:6      | Identified the +2 ring mail "Riva" {*Corrode rElec rC++ Stlth-} (You found it on level 6 of the Dungeon)
  7487 | D:7      | Noticed a hippogriff
  7490 | D:7      | Reached **** piety under Lugonu
  7504 | D:7      | Killed a hippogriff
  7504 | D:7      | Reached skill level 1 in Shields
  7561 | D:7      | Found a sand-covered staircase.
  7566 | Ossuary  | Entered an ossuary
  7879 | D:7      | Reached XP level 9. HP: 70/75 MP: 10/10
  8234 | D:6      | HP: 2/77 [killer bee (3)]
  8356 | D:6      | Lost mutation: You are weak. (Str -2) [evolution]
  8410 | D:7      | Reached skill level 5 in Armour
  8871 | D:8      | Found Qiur's Weapon Boutique.
  8883 | D:8      | Noticed a two-headed ogre
  8901 | D:8      | Killed a two-headed ogre
  8901 | D:8      | Reached XP level 10. HP: 78/84 MP: 12/12
  8938 | D:8      | Found a flagged portal.
  8940 | D:8      | Found Saogh's Jewellery Shoppe.
  8948 | Bailey   | Entered a bailey
  9083 | D:8      | Found Neom's Magic Scroll Emporium.
  9124 | D:8      | Bought a +2 amulet of reflection for 120 gold pieces
  9164 | D:8      | Got a twisted halberd
  9205 | D:8      | Identified the +2 halberd "Askafif" {holy, Dex+3 SInv} (You found it on level 8 of the Dungeon)
  9378 | D:8      | Found Ello's Distillery.
  9381 | D:8      | Bought a potion of heal wounds for 70 gold pieces
  9413 | D:8      | Found a deep blue altar of Sif Muna.
  9492 | D:8      | Found Nytuikage's General Store.
  9685 | D:9      | Noticed an orange crystal statue
  9860 | D:9      | Killed an orange crystal statue
  9874 | D:9      | Got a crystal morningstar
  9938 | D:9      | Identified the +6 morningstar "Tenwasipt" {crush, rElec rC+} (You found it on level 9 of the Dungeon)
  9990 | D:9      | Reached ***** piety under Lugonu
 10060 | D:9      | Reached skill level 1 in Maces & Flails
 10354 | D:9      | Found an ornate altar of the Wu Jian Council.
 10501 | D:9      | Reached skill level 5 in Invocations
 10531 | D:9      | Noticed a two-headed ogre
 10540 | D:9      | Killed a two-headed ogre
 10600 | D:9      | Found an iron altar of Okawaru.
 10600 | D:9      | Found a deep blue altar of Sif Muna.
 10894 | D:10     | Entered Level 10 of the Dungeon
 10934 | D:10     | Reached skill level 1 in Throwing
 10935 | D:10     | Found Ubbir's Antique Armour Shoppe.
 11041 | D:10     | Lost mutation: You are partially covered in molten scales. (AC +2) [evolution]
 11041 | D:10     | Lost mutation: You rapidly evolve. [decline of evolution]
 11108 | D:10     | Reached XP level 11. HP: 92/92 MP: 15/15
 11120 | D:10     | Noticed a two-headed ogre
 11123 | D:10     | Got a distressingly furry chain mail
 11266 | D:10     | Killed a two-headed ogre
 11266 | D:10     | Reached skill level 1 in Evocations
 11349 | D:10     | Identified the +8 chain mail "Lihaq" {Str+7 Int-4 Dex+4} (You found it on level 10 of the Dungeon)
 11574 | D:10     | Noticed an unseen horror
 11580 | D:10     | Killed an unseen horror
 11580 | D:10     | Reached skill level 5 in Maces & Flails
 11733 | D:10     | Found a staircase to the Lair.
 11744 | Lair:1   | Entered Level 1 of the Lair of Beasts
 11851 | Lair:1   | Noticed an oklob plant
 11851 | Lair:1   | Noticed an oklob plant
 11854 | Lair:1   | Noticed an oklob plant
 11868 | Lair:1   | Killed an oklob plant
 11871 | Lair:1   | HP: 1/92 [acid (17)]
 11873 | Lair:1   | Banished an oklob plant
 11874 | Lair:1   | Banished an oklob plant
 12194 | Lair:1   | Noticed a six-headed hydra
 12201 | Lair:1   | Killed a six-headed hydra
 12405 | Lair:1   | Reached ****** piety under Lugonu
 12657 | Lair:2   | Reached XP level 12. HP: 30/101 MP: 17/17
 12860 | Lair:2   | Noticed a six-headed hydra
 12866 | Lair:2   | Killed a six-headed hydra
 13303 | Lair:2   | Noticed Harold
 13579 | Lair:2   | Found a staircase to the Shoals.
 14346 | Lair:3   | Found a staircase to the Snake Pit.
 14480 | Lair:3   | Found a dark tunnel.
 14496 | Volcano  | Entered a volcano
 14752 | Volcano  | Noticed a stone giant
 14765 | Volcano  | Mangled by a stone giant

Skill      XL: |  1  2  3  4  5  6  7  8  9 10 11 12 |
---------------+-------------------------------------+-----
Axes           | 2 3 4 5 6 8 9 |  9.2
Armour         | 2 3 4 5 6 7 8 |  8.2
Dodging        | 1 2 3 |  3.6
Fighting       | 4 5 6 7 8 |  8.4
Shields        | 1 2 |  2.9
Invocations    | 3 5 7 8 |  8.8
Maces & Flails | 4 7 9 |  9.1
Throwing       | 1 |  1.1
Evocations     | 1 |  1.1
Stealth        | |  0.5

Action                   |  1- 3 |  4- 6 |  7- 9 | 10-12 || total
-------------------------+-------+-------+-------+-------++-------
Melee: Hand axe          |    95 |   263 |   466 |    91 ||   915
       Kick              |    16 |    47 |   128 |   208 ||   399
       War axe           |       |       |    56 |    29 ||    85
       Morningstar       |       |       |       |   462 ||   462
Throw: Tomahawk          |       |       |     2 |     8 ||    10
Invok: Depart the Abyss  |     1 |       |       |       ||     1
       Banish            |       |       |     2 |     4 ||     6
       Bend Space        |       |       |       |     2 ||     2
Evoke: Wand              |       |       |    12 |     3 ||    15
  Use: Scroll            |     2 |     8 |    13 |    13 ||    36
       Potion            |     2 |       |     6 |     1 ||     9
  Eat: Chunk             |     1 |    11 |     8 |    15 ||    35
       Ration            |       |       |     1 |     2 ||     3
Armor: Scale mail        |    55 |   167 |    47 |       ||   269
       Skin              |    33 |    27 |       |       ||    60
       Chain mail        |       |       |   388 |   483 ||   871
Dodge: Dodged            |    49 |   113 |    99 |   182 ||   443
Block: Buckler           |       |     3 |    83 |   126 ||   212
